 Dungeon Crawl Stone Soup version 0.27-a0-1565-gad902ab807 (webtiles) character file.

Game seed: 7212746156841621832

5432 Demosthentine the Spear-Bearer (level 10, -3/82 HPs)
             Began as a Merfolk Gladiator on July 17, 2021.
             Was a Priest of Elyvilon.
             Splashed by a centaur's acid (14 damage)
             ... on level 9 of the Dungeon.
             The game lasted 00:08:30 (9631 turns).

Demosthentine the Spear-Bearer (Merfolk Gladiator)  Turns: 9631, Time: 00:08:31

Health: -3/82      AC:  2    Str: 16    XL:     10   Next: 67%
Magic:  11/11      EV: 22    Int:  7    God:    Elyvilon [***...]
Gold:   421        SH:  4    Dex: 18    Spells: 9/9 levels left

rFire    + . .     SeeInvis .   a - +1 trident (flame)
rCold    + . .     Faith    .   (no shield)
rNeg     . . .     Spirit   .   b - +0 leather armour
rPois    .         Reflect  .   c - +0 helmet
rElec    .         Harm     .   y - scarf {rC+ rF+}
rCorr    .         Rampage  .   (no gloves)
Will     .....     Clarity  +   (no boots)
Stlth    +.........             x - amulet of regeneration
HPRegen  1.23/turn              k - +4 ring of evasion
MPRegen  0.12/turn              e - ring of wizardry

@: corroded
A: (nimble swimmer 2), mertail, iridescent scales 1, large bone plates 1,
clarity
a: Renounce Religion, Lesser Healing, Heal Other, Purification, Divine
Protection


You were on level 9 of the Dungeon.
You worshipped Elyvilon.
Elyvilon was most pleased with you.
You visited 2 branches of the dungeon, and saw 10 of its levels.
You also visited: Ossuary.

You collected 551 gold pieces.
You spent 130 gold pieces at shops.

Inventory:

Hand Weapons
 a - a +1 trident of flaming (weapon)
Missiles
 d - a throwing net (quivered)
 q - a curare-tipped dart
 z - 8 atropa-tipped darts
Armour
 b - a +0 leather armour (worn)
 c - a +0 helmet (worn)
 y - a scarf of resistance (worn)
Jewellery
 e - a ring of wizardry (right hand)
 k - a +4 ring of evasion (left hand)
 x - an amulet of regeneration (around neck)
Wands
 r - a wand of iceblast (5)
 v - a wand of charming (8)
 w - a wand of digging (4)
 B - a wand of flame (19)
Scrolls
 i - a scroll of fog
 l - 3 scrolls of blinking
 o - a scroll of brand weapon
 s - 2 scrolls of magic mapping
 t - 4 scrolls of teleportation
 A - a scroll of amnesia
Potions
 f - 4 potions of lignification
 g - a potion of heal wounds
 h - a potion of magic
 j - a potion of flight
 m - a potion of attraction
 n - 2 potions of cancellation
 p - a potion of curing
 u - 2 potions of brilliance


   Skills:
 + Level 8.9 Fighting
 + Level 11.7 Polearms
 - Level 2.0 Throwing
 - Level 5.4 Armour
 + Level 10.8 Dodging
 + Level 2.5 Invocations


You had 9 spell levels left.
You didn't know any spells.
Your spell library contained the following spells:

 Spells                   Type           Power      Damage    Failure   Level
 Blink                    Tloc           N/A        N/A       32%         2
 Sublimation of Blood     Necr           0%         N/A       32%         2
 Wereblood                Tmut           0%         N/A       32%         2
 Gell's Gravitas          Tloc           0%         N/A       52%         3
 Lesser Beckoning         Tloc           0%         N/A       52%         3
 Teleport Other           Tloc           0%         N/A       52%         3
 Animate Dead             Necr           0%         N/A       89%         4
 Hailstorm                Conj/Ice       0%         3d3       89%         4
 Ice Form                 Ice/Tmut       0%         N/A       89%         4
 Manifold Assault         Tloc           0%         N/A       99%         5
 Simulacrum               Ice/Necr       0%         N/A       100%        6
 Haunt                    Necr/Summ      0%         N/A       100%        7
 Storm Form               Tmut/Air       0%         N/A       100%        7
 Summon Hydra             Summ           0%         N/A       100%        7
 Infestation              Necr           0%         N/A       100%        8


Dungeon Overview and Level Annotations

Branches:
Dungeon (9/15)             Temple (1/1) D:5         Ossuary (visited)
   Lair: D:8-11         Orc: D:9-12

Altars:
Dithmenos
Elyvilon
Fedhas
Hepliaklqana
Kikubaaqudgha
Makhleb
Nemelex Xobeh
Okawaru
Qazlal
Ru
Sif Muna
Trog
Uskayaw
Vehumet
Wu Jian
Xom
Zin

Shops:
D:3 ?

Annotations:
D:8 2 transporters, exclusion: ice statue, robertstho's ghost, novice DjFE


Innate Abilities, Weirdness & Mutations

((You are quick and stealthy near water. (Stealth+, EV+, Speed+++)))
Your lower body shifts to a powerful aquatic tail in water.
You are partially covered in iridescent scales. (AC +2)
You are partially covered in large bone plates. (SH +4)
You possess an exceptional clarity of mind.


Message History

You now have 421 gold pieces (gained 8).
A centaur comes into view. It is carrying a wand of acid (8).
The centaur wields a +0 shortbow.
The centaur shoots an arrow.
You block the arrow.
The centaur shoots an arrow.
The arrow hits you!
The centaur shoots an arrow.
The arrow completely misses you.
A centaur is nearby!
The centaur shoots an arrow.
The arrow misses you.
The centaur shoots an arrow.
The arrow completely misses you.
The centaur zaps a wand.
The bolt of acid hits you!!
You are splashed with acid!
A centaur is nearby!
You are too injured to fight recklessly!
You are too injured to fight recklessly!
You are too injured to fight recklessly!
You are too injured to fight recklessly!
You are too injured to fight recklessly!
A centaur is nearby!
You are too injured to fight recklessly!
A centaur is nearby!
You are too injured to fight recklessly!
A centaur is nearby!
You are too injured to fight recklessly!
Unknown command.
The centaur zaps a wand.
The bolt of acid hits you. The acid corrodes you!
You are splashed with acid!
The centaur unwields a +0 shortbow.
The centaur hits you. The centaur completely misses you.
You block the centaur's attack. The centaur kicks you.
* * * LOW HITPOINT WARNING * * *
You hit the centaur but do no damage. The centaur completely misses you.
The centaur kicks you.
* * * LOW HITPOINT WARNING * * *
You hit the centaur but do no damage.
The centaur zaps a wand.
The bolt of acid misses you.
You hit the centaur but do no damage.
The centaur zaps a wand.
The bolt of acid hits you!
* * * LOW HITPOINT WARNING * * *
You are splashed with acid!
You die...

####### #......
#####+##......
#.............
#......)...... #
#.............### .###
#........#....c.##....
#........#....@.......
#####...................
.......####.............
.......# #.##.#...###..
.......# .. ...#...# .
.......# ...####...#
.......# .. #...#
...K...# . ####...###
..K....#.. #).......#


You could see a centaur.

Vanquished Creatures
  A two-headed ogre (D:9)
  Pikel (D:6)
  The ghost of Harkinian the Skirmisher, a novice MiMo of Wu Jian (D:7)
  A centaur zombie (D:6)
  2 hornets
  Sigmund (D:3)
  A wyvern (D:8)
  A wraith (D:8)
  Edmund (D:6)
  3 water moccasins
  4 orc warriors
  A black bear (D:6)
  A necrophage (D:5)
  A sky beast (D:7)
  3 ogres
  5 centaurs
  A lemure (D:6)
  2 kobold brigands (D:9)
  2 bullfrogs
  A gnoll sergeant (D:4)
  A water moccasin zombie (Ossuary)
  3 wights (D:7)
  A water moccasin skeleton (D:5)
  A bullfrog skeleton (D:6)
  An orc priest (D:8)
  2 centaur skeletons
  2 iguanas (D:7)
  An orc wizard (D:7)
  A killer bee zombie (D:6)
  2 hound skeletons
  3 mummies
  A howler monkey zombie (D:8)
  8 gnolls
  A howler monkey skeleton (D:6)
  6 adders
  2 white imps (D:7)
  An ufetubus (D:5)
  4 adder zombies (Ossuary)
  3 worms
  3 dart slugs
  22 orcs
  6 bats
  5 endoplasms
  2 giant cockroaches
  3 gnoll zombies (Ossuary)
  5 goblins
  6 hobgoblins
  8 jackals
  24 kobolds
  2 quokkas
  6 frilled lizards
  5 hobgoblin zombies (Ossuary)
  7 kobold zombies (Ossuary)
  3 orc zombies (Ossuary)
  6 rats
191 creatures vanquished.

Vanquished Creatures (others)
  A wizard (D:3)
  A demonic plant (D:1)
  4 toadstools (D:1)
6 creatures vanquished.

Grand Total: 197 creatures vanquished

Notes
Turn   | Place    | Note
-------+----------+-------------------------------------------
     0 | D:1      | Demosthentine the Merfolk Gladiator began the quest for the
                  | Orb.
     0 | D:1      | Reached XP level 1. HP: 16/16 MP: 1/1
    77 | D:1      | Reached XP level 2. HP: 23/23 MP: 2/2
   146 | D:1      | Found a faded altar of an unknown god.
   146 | D:1      | Noticed a smoke demon
   210 | D:1      | Reached XP level 3. HP: 22/28 MP: 3/3
   558 | D:1      | Reached skill level 5 in Polearms
   751 | D:2      | Reached skill level 1 in Armour
  1095 | D:2      | Reached XP level 4. HP: 34/34 MP: 4/4
  2055 | D:3      | Noticed Sigmund
  2112 | D:3      | Killed Sigmund
  2113 | D:3      | Reached skill level 6 in Polearms
  2113 | D:3      | Reached skill level 5 in Dodging
  2113 | D:3      | Reached XP level 5. HP: 26/42 MP: 5/5
  2113 | D:3      | Reached XP level 6. HP: 30/48 MP: 6/6
  2490 | D:3      | Found a sparkling altar of Nemelex Xobeh.
  2490 | D:3      | Found a shimmering blue altar of Sif Muna.
  2698 | D:3      | Found a bloodstained altar of Trog.
  2701 | D:3      | Noticed a wizard
  2707 | D:3      | Killed a wizard
  2807 | D:3      | Found Wonuzxaf's Magic Scroll Shop.
  3094 | D:3      | Bought a scroll of magic mapping for 35 gold pieces
  3094 | D:3      | Bought a scroll of fog for 20 gold pieces
  3094 | D:3      | Bought a scroll of blinking for 75 gold pieces
  3156 | D:4      | Found a sand-covered staircase.
  3172 | Ossuary  | Entered an ossuary
  3582 | D:4      | Found an ornate altar of the Wu Jian Council.
  3656 | D:4      | Reached XP level 7. HP: 17/55 MP: 7/7
  4168 | D:5      | Entered Level 5 of the Dungeon
  4184 | D:5      | Reached skill level 7 in Polearms
  4481 | D:5      | Reached skill level 5 in Fighting
  4637 | D:5      | Reached XP level 8. HP: 33/62 MP: 8/8
  5005 | D:5      | Reached skill level 8 in Polearms
  5160 | D:5      | Found a staircase to the Ecumenical Temple.
  5277 | Temple   | Entered the Ecumenical Temple
  5359 | Temple   | Became a worshipper of Elyvilon the Healer
  5655 | D:6      | Noticed Pikel
  5728 | D:6      | Killed Pikel
  5729 | D:6      | Reached skill level 9 in Polearms
  5729 | D:6      | Reached XP level 9. HP: 44/71 MP: 9/9
  6003 | D:6      | Found a burning altar of Makhleb.
  6032 | D:6      | Reached * piety under Elyvilon
  6134 | D:6      | Noticed Edmund
  6155 | D:6      | Killed Edmund
  6691 | D:6      | Found a glowing silver altar of Zin.
  6691 | D:6      | Noticed an angel
  6691 | D:6      | Noticed a green death
  7159 | D:7      | Reached skill level 10 in Polearms
  7201 | D:7      | Found a runed translucent door.
  7251 | D:7      | Reached ** piety under Elyvilon
  7860 | D:7      | Noticed Harkinian's ghost (novice MiMo)
  7901 | D:7      | Killed Harkinian's ghost
  7902 | D:7      | Reached skill level 5 in Armour
  7952 | D:8      | Reached XP level 10. HP: 74/80 MP: 10/10
  8052 | D:8      | Found a transporter.
  8072 | D:8      | Noticed a gargoyle
  8079 | D:8      | Reached skill level 10 in Dodging
  8093 | D:8      | Noticed a centaur warrior
  8097 | D:8      | Noticed robertstho's ghost (novice DjFE)
  8215 | D:8      | Found a transporter.
  8215 | D:8      | Noticed an ice statue
  8389 | D:8      | Found a radiant altar of Vehumet.
  8436 | D:8      | Reached skill level 11 in Polearms
  9149 | D:8      | Reached *** piety under Elyvilon
  9240 | D:8      | Identified the +2 ring mail of Pride {Str+4}
  9290 | D:8      | Gained mutation: You are partially covered in large bone
                  | plates. (SH +4) [potion of mutation]
  9290 | D:8      | Gained mutation: You possess an exceptional clarity of
                  | mind. [potion of mutation]
  9290 | D:8      | Gained mutation: You are partially covered in iridescent
                  | scales. (AC +2) [potion of mutation]
  9353 | D:9      | Noticed a two-headed ogre
  9394 | D:9      | Killed a two-headed ogre
  9395 | D:9      | Reached skill level 1 in Invocations
  9631 | D:9      | Splashed by a centaur's acid

Illustrated notes

Levels and vault maps discovered:
D:1:      ldierk_walled_garden_2, layout_rooms,
          dreamdust_ecumenical_altar_sealed_demon, minmay_liquid_box
D:2:      layout_basic, minmay_octomino_j4
D:3:      layout_basic, trog_wizard, gammafunk_temple_overflow_wave,
          serial_shops, shop_scrolls, minmay_ruptured, uniq_sigmund
D:4:      layout_rooms, mainiacjoe_overflow_alcove_4, gup_ossuary_entry_pyramid,
          lightli_minifort
D:5:      layout_cave_pools, temple_green, sigmund_army
D:6:      layout_basic, grunt_temple_overflow_order_and_chaos_2, uniq_pikel,
          uniq_edmund
D:7:      layout_loops_ring, ebering_ghost_reflecting_pool
D:8:      layout_loops_ring, vehumet_altar_wand_db, nzn_ghost_randoct,
          hangedman_abyss_or_decor_lesser_grid
D:9:      layout_basic, grunt_temple_overflow_holy_war, minmay_checkerbox,
          uniq_erolcha
Temple:   eino_temple_lava

Skill      XL: |  1  2  3  4  5  6  7  8  9 10 |
---------------+-------------------------------+-----
Polearms       | 5 6 7 9 10 11 | 11.7
Armour         | 1 2 3 4 5 |  5.4
Fighting       | 3 4 5 6 7 8 |  8.9
Dodging        | 5 6 7 8 9 10 | 10.8
Invocations    | 2 |  2.5
Throwing       | |  2.0

Action                   |  1- 3 |  4- 6 |  7- 9 | 10-12 || total
-------------------------+-------+-------+-------+-------++-------
Melee: Trident           |   118 |   230 |   344 |   169 ||   861
       Tailslap          |       |       |     1 |       ||     1
Throw: Throwing net      |       |     1 |     2 |       ||     3
  Use: Scroll            |     2 |     5 |     7 |       ||    14
       Potion            |       |       |     7 |     3 ||    10
 Stab: Sleeping          |     4 |     2 |     2 |       ||     8
       Held in net/web   |       |       |     2 |       ||     2
       Invisible         |       |       |     1 |       ||     1
Armor: Leather armour    |    13 |    32 |    34 |     7 ||    86
       Skin              |       |       |    36 |       ||    36
Dodge: Dodged            |    66 |    88 |   244 |   143 ||   541
Block: Other             |       |       |       |    14 ||    14

Table legend: (Time is in decaauts)
 A = Elapsed time spent in this place.
 B = Non-inter-level travel time spent in this place.
 C = Inter-level travel time spent in this place.
 D = Time resting spent in this place.
 E = Time spent auto-exploring this place.
 F = Levels seen in this place.
 G = Mean time per level.
                   A        B        C        D        E       F      G
               +--------+--------+--------+--------+--------+-----+--------+
         Total |   9550 |   9384 |    166 |    269 |   7601 |  11 |  868.2 |
       Dungeon |   9142 |   8976 |    166 |    269 |   7330 |   9 | 1015.8 |
        Temple |     91 |     91 |      0 |      0 |     69 |   1 |   91.0 |
       Ossuary |    316 |    316 |      0 |      0 |    202 |   1 |  316.0 |
               +--------+--------+--------+--------+--------+-----+--------+

Top non-repeatable levels by time:
     D:3: 1885 daAuts
     D:6: 1380 daAuts
     D:8: 1354 daAuts
     D:5: 1141 daAuts
     D:7: 1115 daAuts
     D:2: 767 daAuts
     D:1: 709 daAuts
     D:4: 484 daAuts
 Ossuary: 316 daAuts
     D:9: 303 daAuts
  Temple: 91 daAuts
